[Event "Titled Tuesday Blitz April 18 Early 2023"]
[White "Harshad S"]
[Black "Indjic, Aleksandar"]
[WhiteFideId "46616551"]
[BlackFideId "911925"]
[WhiteElo "2163"]
[BlackElo "2614"]
[Result "1-0"]
[Round "11"]
[TimeControl "180+2"]
[Date "2023.04.18"]
[WhiteClock "0:00:13"]
[BlackClock "0:00:20"]

1. e4 a6 2. d4 d6 3. Nf3 g6 4. Be3 Bg7 5. Bd3 Nd7 6. O-O e6 7. c4 b6 8. Nc3 Bb7 9. Nd2 c5 10. d5 e5 11. a3 Ngf6 12. b4 h5 13. h3 h4 14. Rb1 Qc7 15. Na4 Bc8 16. Nf3 Bh6 17. Qd2 Bxe3 18. fxe3 Qd8 19. Qf2 Kf8 20. Nxh4 Kg7 21. Nf3 a5 22. bxc5 Nxc5 23. Nxc5 bxc5 24. Nd2 Rf8 25. Rfc1 Nh7 26. Nf1 a4 27. Ng3 Kh8 28. Rb5 Ba6 29. Rb2 Rb8 30. Rcb1 Rxb2 31. Qxb2 Qg5 32. Nf1 Bc8 33. Kh1 Qf6 34. Qe2 Ng5 35. Kg1 Kg7 36. Ng3 Rh8 37. Rf1 Qe7 38. Bc2 Bd7 39. Qd2 f6 40. Qe2 Rh4 41. Rb1 Kh6 42. Qf2 Kh7 43. Nf5 gxf5 44. Qxh4+ Kg7 45. exf5 Bc8 46. Rb8 Qc7 47. Rb1 Qa5 48. Qf2 Qc3 49. h4 Nf7 50. Bxa4 Qxc4 51. Bb3 Qg4 52. Rf1 Nh6 53. Bd1 Qc4 54. Qg3+ Kf8 55. Qg6 Nf7 56. Bh5 1-0


[Site "https://www.chess.com"]

[Event "Titled Tuesday Blitz April 18 Early 2023"]
[White "Costachi, Mihnea"]
[Black "Skatchkov, Valery"]
[WhiteFideId "1217518"]
[BlackFideId "24195812"]
[WhiteElo "2456"]
[BlackElo "2262"]
[Result "1-0"]
[Round "11"]
[TimeControl "180+2"]
[Date "2023.04.18"]
[WhiteClock "0:01:01"]
[BlackClock "0:00:55"]

1. Nc3 e5 2. e4 Nf6 3. Bc4 Nxe4 4. Qh5 Nd6 5. Bb3 Be7 6. Qxe5 O-O 7. Nge2 Nc6 8. Qh5 g6 9. Qf3 Nf5 10. O-O Ne5 11. Qe4 d6 12. d4 Nd7 13. Ng3 Nf6 14. Qd3 c6 15. d5 c5 16. Bf4 Re8 17. Ba4 Nxg3 18. fxg3 Bf5 19. Qd2 Nd7 20. h3 h5 21. Rae1 a6 22. Bxd7 Qxd7 23. Ne4 b5 24. c3 Bxe4 25. Rxe4 Bf8 26. Rfe1 Rxe4 27. Rxe4 Qf5 28. Re1 Ra7 29. Re8 Kg7 30. Bh6+ 1-0


[Site "https://www.chess.com"]

[Event "Titled Tuesday Blitz April 18 Early 2023"]
[White "Hambleton, Aman"]
[Black "Berezin, Viktor"]
[WhiteFideId "2606577"]
[BlackFideId "14107872"]
[WhiteElo "2511"]
[BlackElo "2310"]
[Result "1-0"]
[Round "11"]
[TimeControl "180+2"]
[Date "2023.04.18"]
[WhiteClock "0:00:09"]
[BlackClock "0:00:10"]

1. d4 Nf6 2. Bf4 g6 3. e3 Bg7 4. Nf3 O-O 5. h3 d6 6. c3 b6 7. Bh2 Bb7 8. Bd3 c5 9. O-O Nbd7 10. Nbd2 Rc8 11. Qe2 Re8 12. e4 e5 13. dxe5 Nxe5 14. Bxe5 dxe5 15. Ba6 Qc7 16. a4 Nh5 17. g3 Rcd8 18. Bxb7 Qxb7 19. Rad1 Nf6 20. Kg2 Qc6 21. Qc4 a6 22. Qxa6 Nxe4 23. Nxe4 Qxe4 24. Qxb6 Rb8 25. Qxc5 Rxb2 26. Rfe1 Qxa4 27. Nxe5 Qa8+ 28. Nf3 Rc8 29. Qd5 Qa7 30. Rd2 Rxd2 31. Qxd2 Qb7 32. Rc1 h5 33. c4 Rc5 34. Rc2 Rf5 35. Qd3 h4 36. Re2 hxg3 37. fxg3 Kh7 38. Qe4 Qb3 39. Qh4+ Rh5 40. Qe4 Rf5 41. g4 Rc5 42. Qe7 Qxc4 43. Ng5+ Kg8 44. Qe8+ Bf8 45. Nf3 Rc8 46. Qe4 Qxe4 47. Rxe4 Kg7 48. Rd4 Be7 49. Rd7 Bf6 50. Rb7 Bc3 51. Ng5 Rd8 52. Ne6+ Kg8 53. Nxd8 Be5 54. Nxf7 Bf6 55. Kf3 Bg7 56. g5 Bf8 57. Ne5 Bg7 58. Nxg6 Bf8 59. Kg4 Bg7 60. h4 Bf8 61. h5 Bg7 62. Kf5 Bf8 63. Nxf8 Kh8 64. Ng6+ Kg8 65. Nh4 Kh8 66. h6 Kg8 67. g6 Kh8 68. Rh7+ Kg8 69. Kf6 Kf8 70. Rg7 Ke8 71. Rf7 Kd8 72. Re7 Kc8 73. Kf7 Kd8 74. g7 Kc8 75. Kf8 Kd8 76. g8=Q Kc8 77. Qc4+ Kd8 78. Qc8+ Kxc8 79. h7 Kd8 80. h8=B Kc8 81. Kf7 Kd8 82. Ke6 Kc8 83. Rd7 Kb8 84. Kd6 Kc8 85. Rd8+ Kxd8 86. Be5 Kc8 87. Nf5 Kb8 88. Ne7 Ka7 89. Kc5 Kb7 90. Kb5 Ka7 91. Kc6 Ka8 92. Nd5 Ka7 93. Nb6 Ka6 94. Bb8 Ka5 95. Nd5 Ka6 96. Nb4+ Ka5 97. Kc5 Ka4 98. Kc4 Ka5 99. Bc7+ Ka4 100. Bb6 Ka3 101. Nd3 Ka2 102. Kc3 Kb1 103. Nb2 Kc1 104. Be3+ Kb1 105. Kb3 Ka1 106. Bd2 Kb1 107. Nc4 Ka1 108. Be3 Kb1 109. Na3+ Ka1 110. Bd4# 1-0


[Site "https://www.chess.com"]

[Event "Titled Tuesday Blitz April 18 Early 2023"]
[White "Mekhitarian, Krikor Sevag"]
[Black "Arias, Juan Cruz"]
[WhiteFideId "2107660"]
[BlackFideId "118540"]
[WhiteElo "2604"]
[BlackElo "2243"]
[Result "0-1"]
[Round "11"]
[TimeControl "180+2"]
[Date "2023.04.18"]
[WhiteClock "0:00:03"]
[BlackClock "0:00:22"]

1. Nf3 d5 2. c4 e6 3. e3 Nf6 4. Nc3 Nbd7 5. b3 Bd6 6. Bb2 O-O 7. Be2 Re8 8. d4 b6 9. cxd5 exd5 10. O-O a6 11. Rc1 Bb7 12. Bd3 g6 13. Ne2 Qe7 14. Qc2 Rac8 15. Ng3 Ne4 16. Qe2 h5 17. Bxa6 Bxa6 18. Qxa6 Ra8 19. Qd3 Rxa2 20. Rc2 Nxg3 21. hxg3 Nf6 22. Ne5 Ne4 23. Rfc1 Qe6 24. Qb5 Bxe5 25. dxe5 c5 26. Rd1 Rc8 27. Qd3 Rd8 28. Kh2 Kh7 29. f3 Ng5 30. Kg1 Qf5 31. Qxf5 gxf5 32. Rcd2 Ne6 33. Bc3 Rxd2 34. Rxd2 Ra8 35. Rxd5 Ra3 36. Kf2 Rxb3 37. Bd2 b5 38. e4 fxe4 39. f4 Kg6 40. Rd7 c4 41. f5+ Kxf5 42. Rxf7+ Kxe5 43. Rh7 c3 44. Be3 Rb2+ 45. Kg1 b4 46. Rxh5+ Kf6 47. Rb5 c2 48. Kh2 b3 49. Kh3 Rb1 50. Kg4 b2 51. Rf5+ Ke7 0-1


[Site "https://www.chess.com"]

[Event "Titled Tuesday Blitz April 18 Early 2023"]
[White "Yuan, Qingyu"]
[Black "Janaszak, Dawid"]
[WhiteFideId "8609772"]
[BlackFideId "1119206"]
[WhiteElo "2359"]
[BlackElo "2220"]
[Result "0-1"]
[Round "11"]
[TimeControl "180+2"]
[Date "2023.04.18"]
[WhiteClock "0:00:14"]
[BlackClock "0:00:06"]

1. e4 c5 2. Nf3 Nc6 3. Bb5 e5 4. O-O Nge7 5. d3 g6 6. a3 Bg7 7. b4 d6 8. Be3 cxb4 9. axb4 O-O 10. c3 Kh8 11. Na3 f5 12. exf5 Bxf5 13. Ng5 Nd5 14. Qb3 Nxe3 15. fxe3 Qxg5 16. e4 Bh3 17. Qc2 Be6 18. Ba4 Rxf1+ 19. Rxf1 Rf8 20. Rxf8+ Bxf8 21. h3 Bxh3 22. Qf2 Bh6 23. Nc4 Be6 24. Nxd6 Qc1+ 25. Kh2 Bf4+ 26. g3 Qd2 27. Qxd2 Bxd2 28. Nxb7 Ne7 29. d4 exd4 30. cxd4 Bxb4 31. d5 Bc8 32. Nd8 Kg7 33. Bc6 Kf6 34. Ba8 a5 35. Bc6 Ke5 36. Ba8 a4 37. Nf7+ Kd4 38. d6 Ng8 39. Bd5 Bd7 40. Ba2 Nf6 41. e5 Ng4+ 42. Kg2 Nxe5 43. Ng5 Bxd6 44. Nxh7 a3 45. Nf6 Bc6+ 46. Kf2 Nd3+ 47. Kf1 Nb4 48. Bb3 Nd5 49. Ng4 Ne3+ 50. Nxe3 Kxe3 51. Bd5 Bxd5 52. g4 a2 0-1


[Site "https://www.chess.com"]

[Event "Titled Tuesday Blitz April 18 Early 2023"]
[White "Vlassov, Nikolai"]
[Black "Aradhya, Garg"]
[WhiteFideId "4103360"]
[BlackFideId "25006746"]
[WhiteElo "2324"]
[BlackElo "2263"]
[Result "0-1"]
[Round "11"]
[TimeControl "180+2"]
[Date "2023.04.18"]
[WhiteClock "0:00:12"]
[BlackClock "0:00:35"]

1. e4 e5 2. Bc4 Nf6 3. d3 Nc6 4. Nf3 Bc5 5. Bg5 h6 6. Bh4 Be7 7. Nc3 d6 8. Bxf6 Bxf6 9. Nd5 Na5 10. Bb5+ c6 11. Nxf6+ Qxf6 12. Ba4 b5 13. Bb3 Bg4 14. h3 Bh5 15. g4 Bg6 16. Nd2 Nb7 17. Qf3 Qe7 18. Nf1 Nc5 19. c3 O-O 20. Ng3 a5 21. Bc2 Ne6 22. O-O d5 23. Rae1 Qh4 24. Kh2 Ng5 25. Qg2 dxe4 26. dxe4 Rad8 27. Rd1 Ne6 28. Nf5 Qf6 29. Qg3 Nf4 30. Qh4 Bxf5 31. Qxf6 gxf6 32. exf5 c5 33. Kg3 Kg7 34. h4 b4 35. Kf3 Rb8 36. Bb3 bxc3 37. bxc3 c4 38. Bxc4 Rfc8 39. Bxf7 Rxc3+ 40. Ke4 Rb4+ 0-1


[Site "https://www.chess.com"]

[Event "Titled Tuesday Blitz April 18 Early 2023"]
[White "Wagner, Dennis"]
[Black "Pajeken, Jakob Leon"]
[WhiteFideId "24650684"]
[BlackFideId "12942839"]
[WhiteElo "2470"]
[BlackElo "2414"]
[Result "0-1"]
[Round "11"]
[TimeControl "180+2"]
[Date "2023.04.18"]
[WhiteClock "0:00:07"]
[BlackClock "0:00:18"]

1. d4 d5 2. Nf3 Nf6 3. g3 c5 4. Bg2 cxd4 5. O-O h6 6. b3 e6 7. Bb2 Bd6 8. Nxd4 O-O 9. c4 dxc4 10. bxc4 Qb6 11. Nb3 Rd8 12. Qc2 Na6 13. N1d2 Bd7 14. c5 Bxc5 15. Nc4 Qc7 16. Be5 Qc8 17. Rac1 Ng4 18. Nd6 Bxd6 19. Bxd6 Bc6 20. Bxc6 Rxd6 21. Bf3 Qxc2 22. Rxc2 Ne5 23. Bxb7 Rb8 24. Bxa6 Rxa6 25. Rd1 g5 26. Kg2 Kg7 27. h3 Rbb6 28. f4 Rc6 29. Rdc1 Rxc2 30. Rxc2 gxf4 31. gxf4 Ng6 32. Kf3 Nh4+ 33. Ke4 Ra4+ 34. Nd4 Nf5 35. e3 Nxd4 36. exd4 Ra3 37. Rg2+ Kf6 38. Rh2 Ke7 39. h4 f5+ 0-1


[Site "https://www.chess.com"]

[Event "Titled Tuesday Blitz April 18 Early 2023"]
[White "Amilal Munkhdalai"]
[Black "benny_aizenberg"]
[WhiteFideId "4903250"]
[WhiteElo "2293"]
[BlackElo "2577"]
[Result "0-1"]
[Round "11"]
[TimeControl "180+2"]
[Date "2023.04.18"]
[WhiteClock "0:00:09"]
[BlackClock "0:00:15"]

1. e4 c5 2. Nf3 e6 3. d4 cxd4 4. Nxd4 Nf6 5. Bd3 d5 6. e5 Nfd7 7. f4 Nc6 8. c3 Bc5 9. Nb3 Bb6 10. Na3 O-O 11. Nc2 Qh4+ 12. g3 Qh3 13. Bf1 Qh6 14. Ncd4 f5 15. Qd3 Nc5 16. Nxc5 Bxc5 17. Be3 Bb6 18. Bg2 Bd7 19. O-O Rac8 20. Rad1 Qg6 21. Nb5 Nxe5 22. fxe5 Bxb5 23. Qxb5 Bxe3+ 24. Kh1 Bb6 25. a4 Qe8 26. Qb3 Qe7 27. Rf4 Be3 28. Rf3 Bc5 29. Qa2 Rfd8 30. a5 Qc7 31. Re1 Be7 32. Rf4 Qc5 33. Rb4 Rd7 34. Qa4 Rdc7 35. Rd4 b5 36. Qa2 b4 37. Rxb4 Qf2 38. Rf1 Qe2 39. Rd4 Rxc3 40. Bxd5 Qxf1# 0-1


[Site "https://www.chess.com"]

[Event "Titled Tuesday Blitz April 18 Early 2023"]
[White "Moksh Amit Doshi"]
[Black "Shuvalova, Polina"]
[WhiteFideId "25064967"]
[BlackFideId "24171760"]
[WhiteElo "2297"]
[BlackElo "2281"]
[Result "0-1"]
[Round "11"]
[TimeControl "180+2"]
[Date "2023.04.18"]
[WhiteClock "0:01:49"]
[BlackClock "0:02:37"]

1. d4 Nf6 2. c4 e6 3. Nf3 d5 4. Nc3 c5 5. cxd5 Nxd5 6. e4 Nxc3 7. bxc3 cxd4 8. cxd4 Bb4+ 9. Bd2 Bxd2+ 10. Qxd2 O-O 11. Bc4 Nd7 12. O-O b6 13. Rad1 Bb7 14. Rfe1 Nf6 15. Bd3 Rc8 16. Qf4 Qc7 17. Qh4 h6 18. Ne5 Rfd8 19. Bb1 b5 20. Re3 Qxe5 0-1


[Site "https://www.chess.com"]

[Event "Titled Tuesday Blitz April 18 Early 2023"]
[White "SashaKuzhilniy"]
[Black "Bilych, Olexiy"]
[BlackFideId "14156504"]
[WhiteElo "2573"]
[BlackElo "2320"]
[Result "0-1"]
[Round "11"]
[TimeControl "180+2"]
[Date "2023.04.18"]
[WhiteClock "0:00:01"]
[BlackClock "0:00:11"]

1. b3 g6 2. Bb2 Nf6 3. Nf3 Bg7 4. g3 O-O 5. Bg2 d6 6. d4 e5 7. dxe5 Ng4 8. c4 dxe5 9. Qxd8 Rxd8 10. h3 Nxf2 11. Kxf2 e4 12. Bxg7 exf3 13. Bxf3 Kxg7 14. Nc3 c6 15. Rad1 Re8 16. Ne4 Na6 17. g4 h6 18. Rd6 Be6 19. Rhd1 Re7 20. h4 Bxg4 21. a3 Bf5 22. Ng3 Bc2 23. Rg1 Nc5 24. Rd2 Ne4+ 25. Bxe4 Bxe4 26. Nh5+ Kh8 27. Nf6 Bf5 28. e4 Be6 29. Kf3 b5 30. cxb5 cxb5 31. b4 Rc8 32. Kf4 Bc4 33. Rd4 Re6 34. e5 Rxf6+ 35. exf6 Rc6 36. Ke3 Rxf6 37. Rf4 Rd6 38. Rd4 Ra6 39. Ra1 Kg7 40. a4 Re6+ 41. Re4 Rxe4+ 42. Kxe4 bxa4 43. Rxa4 a6 44. Ra1 Kf6 45. Rc1 Bb5 46. Kf3 g5 47. Kg3 Kg6 48. Rd1 f5 49. Rd6+ Kh5 50. hxg5 hxg5 51. Rd5 f4+ 52. Kf2 Kg4 0-1


[Site "https://www.chess.com"]

[Event "Titled Tuesday Blitz April 18 Early 2023"]
[White "Aaditya Dhingra"]
[Black "Eynullayev, Atilla"]
[WhiteFideId "25678191"]
[BlackFideId "13413570"]
[WhiteElo "2083"]
[BlackElo "2181"]
[Result "1-0"]
[Round "11"]
[TimeControl "180+2"]
[Date "2023.04.18"]
[WhiteClock "0:01:15"]
[BlackClock "0:00:06"]

1. c4 Nf6 2. Nc3 e5 3. Nf3 Nc6 4. e3 Bb4 5. Qc2 Bxc3 6. bxc3 d6 7. e4 Nh5 8. d3 O-O 9. Be2 Qf6 10. Bg5 Qg6 11. Qd2 h6 12. Be3 Nf6 13. Nh4 Qh7 14. h3 Ne7 15. g4 c6 16. f4 exf4 17. Bxf4 Ng6 18. Nxg6 Qxg6 19. Bxd6 Rd8 20. e5 Ne8 21. Be7 Rd7 22. Ba3 b6 23. O-O-O c5 24. d4 cxd4 25. cxd4 Ba6 26. Kb2 Rc8 27. Rc1 Qe4 28. Rhd1 Kh8 29. Ka1 Nc7 30. Bb2 Ne6 31. Bd3 Qf3 32. d5 Nc5 33. Bf5 Rdd8 34. e6 fxe6 35. Qxh6+ Kg8 36. Qxg7# 1-0


[Site "https://www.chess.com"]

[Event "Titled Tuesday Blitz April 18 Early 2023"]
[White "Rios Escobar, Adan"]
[Black "Toropov, Pavel"]
[WhiteFideId "3403645"]
[BlackFideId "24129178"]
[WhiteElo "2491"]
[BlackElo "2182"]
[Result "1-0"]
[Round "11"]
[TimeControl "180+2"]
[Date "2023.04.18"]
[WhiteClock "0:00:07"]
[BlackClock "0:00:31"]

1. d4 d5 2. g3 Nf6 3. Nf3 Bf5 4. c4 e6 5. Nc3 c6 6. Nh4 Be4 7. f3 Bg6 8. Qb3 Qc7 9. Nxg6 hxg6 10. e4 dxe4 11. Bf4 Qb6 12. fxe4 Nbd7 13. e5 Nh5 14. c5 Qxb3 15. axb3 g5 16. Bxg5 Nxg3 17. Rg1 Nf5 18. O-O-O Rxh2 19. Ne4 b6 20. b4 a5 21. b5 Rc8 22. bxc6 Rxc6 23. Bb5 Rc7 24. Nd6+ Bxd6 25. exd6 Nxd6 26. Bf4 Nxb5 27. Bxh2 Rc6 28. Rxg7 bxc5 29. d5 exd5 30. Rxd5 Nd4 31. Bd6 Nf6 32. Re5+ Ne6 33. Bb8 Rb6 34. Ba7 Rb7 35. Bxc5 Rc7 36. Rxe6+ Kd8 37. Rxf6 Rxc5+ 38. Kb1 Ke7 39. Rgxf7+ Ke8 40. Ra7 Rb5 41. Rh6 1-0


[Site "https://www.chess.com"]

[Event "Titled Tuesday Blitz April 18 Early 2023"]
[White "Karthik Rajaa"]
[Black "Bas Mas, Jose Joaquin"]
[WhiteFideId "25035215"]
[BlackFideId "22219064"]
[WhiteElo "2215"]
[BlackElo "2233"]
[Result "1-0"]
[Round "11"]
[TimeControl "180+2"]
[Date "2023.04.18"]
[WhiteClock "0:00:19"]
[BlackClock "0:00:12"]

1. Nf3 Nf6 2. c4 e6 3. Nc3 d5 4. e3 Nbd7 5. b3 b6 6. cxd5 exd5 7. Bb2 a6 8. Be2 Bd6 9. Nd4 Bb7 10. Nf5 Bf8 11. O-O g6 12. Ng3 Bg7 13. d4 O-O 14. Bf3 Re8 15. b4 h5 16. h3 Qe7 17. Qb3 c6 18. a4 b5 19. a5 Rf8 20. e4 h4 21. exd5 cxd5 22. Rfe1 Qd6 23. Nf1 Rac8 24. Ne3 Ne4 25. Rad1 Nxc3 26. Bxc3 Nf6 27. Bb2 Rfd8 28. Rc1 Bh6 29. Rc5 Nd7 30. Rxc8 Rxc8 31. Nxd5 Bxd5 32. Bxd5 Qf6 33. Bb7 Rc4 34. d5 Qf4 35. Bc6 Nf8 36. Qd3 Bg7 37. Bxg7 Kxg7 38. Bb7 Rxb4 39. Rd1 Nd7 40. Bxa6 Nc5 41. Qc3+ Kh7 42. Qxc5 1-0


[Site "https://www.chess.com"]

[Event "Titled Tuesday Blitz April 18 Early 2023"]
[White "Dwilewicz, Katarzyna"]
[Black "Tregubov, Pavel V."]
[WhiteFideId "1148486"]
[BlackFideId "4115341"]
[WhiteElo "2065"]
[BlackElo "2425"]
[Result "0-1"]
[Round "11"]
[TimeControl "180+2"]
[Date "2023.04.18"]
[WhiteClock "0:00:02"]
[BlackClock "0:00:12"]

1. e4 c5 2. Nf3 e6 3. g3 d5 4. exd5 exd5 5. Bg2 Qe7+ 6. Qe2 Qxe2+ 7. Kxe2 Nc6 8. Re1 Bd6 9. Nc3 Nge7 10. a3 O-O 11. d3 Bg4 12. Kf1 h6 13. h3 Be6 14. Bd2 Rac8 15. Ne2 g5 16. h4 g4 17. Nfg1 Nf5 18. c3 Na5 19. Bf4 Nb3 20. Rad1 Be7 21. Nc1 Nxc1 22. Bxc1 Bd7 23. Bxd5 Ba4 24. b3 Bc6 25. Bxc6 Rxc6 26. Ne2 Bf6 27. Bb2 Rd8 28. Nf4 Rb6 29. b4 a5 30. Re2 axb4 31. axb4 cxb4 32. cxb4 Nd4 33. Bxd4 Rxd4 34. Re4 Rbxb4 35. Rxd4 Bxd4 36. Rd2 Rb2 37. Ke2 Rxd2+ 38. Kxd2 Bxf2 39. Ne2 Kg7 40. Kc3 Kf6 41. Kc4 Ke5 42. Kb5 f5 43. Kc4 h5 44. d4+ Ke4 45. d5 Ke5 46. Nc1 Bxg3 47. Nd3+ Kd6 48. Kd4 Bxh4 0-1


[Site "https://www.chess.com"]

[Event "Titled Tuesday Blitz April 18 Early 2023"]
[White "micke12a"]
[Black "Kucuksari, Kaan"]
[BlackFideId "6380166"]
[WhiteElo "2373"]
[BlackElo "2364"]
[Result "0-1"]
[Round "11"]
[TimeControl "180+2"]
[Date "2023.04.18"]
[WhiteClock "0:00:11"]
[BlackClock "0:00:10"]

1. Nf3 d5 2. e3 c5 3. c4 d4 4. exd4 cxd4 5. d3 Nc6 6. g3 e5 7. Bg2 Nf6 8. O-O Be7 9. Re1 Nd7 10. a3 a5 11. Nbd2 O-O 12. Rb1 Nc5 13. Qc2 Bf5 14. Bf1 Bd6 15. Nh4 Bg6 16. Nxg6 fxg6 17. b4 axb4 18. axb4 Qf6 19. Re2 Nxb4 20. Rxb4 Nxd3 21. Qxd3 Bxb4 22. Ne4 Qf3 23. Qb1 Bc3 24. Ng5 Qf5 25. Qxb7 Ra1 26. Qd5+ Kh8 27. Bh3 Rxc1+ 28. Kg2 Qxg5 29. f4 exf4 30. Qxg5 f3+ 31. Kf2 fxe2+ 32. Kxe2 Re1+ 33. Kd3 Rf3+ 34. Kc2 Re2+ 35. Kd1 Rd2+ 36. Kc1 Rf8 37. Qxd2 Bxd2+ 38. Kxd2 Rf2+ 39. Kd3 Rxh2 40. Bg4 Rg2 41. Kxd4 Rxg3 42. Be6 Rg1 43. c5 Rd1+ 44. Ke5 Rc1 45. Kd6 h5 46. c6 g5 47. c7 g4 48. c8=Q+ Rxc8 49. Bxc8 Kh7 50. Ke5 Kg6 51. Kf4 Kf6 52. Bxg4 hxg4 53. Kxg4 Kg6 54. Kh4 Kf5 55. Kg3 Kg5 56. Kh3 Kf4 57. Kg2 Kg4 58. Kh2 Kf3 59. Kh3 g5 60. Kh2 g4 61. Kg1 Kg3 62. Kh1 Kf2 63. Kh2 g3+ 64. Kh3 g2 0-1


[Site "https://www.chess.com"]

[Event "Titled Tuesday Blitz April 18 Early 2023"]
[White "Koridze, Lile"]
[Black "Kukhmazov, Arsen"]
[WhiteFideId "13612514"]
[BlackFideId "24108260"]
[WhiteElo "2047"]
[BlackElo "2396"]
[Result "0-1"]
[Round "11"]
[TimeControl "180+2"]
[Date "2023.04.18"]
[WhiteClock "0:00:01"]
[BlackClock "0:00:06"]

1. c4 c6 2. d4 d5 3. Nf3 Nf6 4. e3 Bg4 5. Nbd2 e6 6. Qc2 Nbd7 7. Bd3 Bd6 8. h3 Bh5 9. a3 O-O 10. b4 Bg6 11. Bb2 Rc8 12. O-O Qe7 13. Ne5 Bxd3 14. Qxd3 Rfd8 15. Nxd7 Nxd7 16. e4 dxc4 17. Nxc4 Bb8 18. Qf3 e5 19. Rad1 a6 20. Ne3 exd4 21. Nf5 Qe6 22. Bxd4 Be5 23. Qg4 g6 24. Nh6+ Kg7 25. Qxe6 fxe6 26. Ng4 Bxd4 27. Rxd4 Nb6 28. Rfd1 Rxd4 29. Rxd4 Kf7 30. Ne5+ Ke7 31. Nd3 Nd7 32. Kf1 e5 33. Rc4 Kd6 34. Ke2 b6 35. Ke3 c5 36. f4 exf4+ 37. Nxf4 b5 38. bxc5+ Nxc5 39. Rd4+ Kc6 40. Nd5 Re8 41. Nb4+ Kc7 42. Kf3 a5 43. Nc2 Rf8+ 44. Ke3 Rf1 45. Rd5 Kb6 46. e5 Rc1 47. Nd4 Rc3+ 48. Kf4 Rc4 49. Kf3 b4 50. axb4 axb4 51. Rd6+ Kc7 52. Nb5+ Kb7 53. Rf6 b3 54. Na3 Rc3+ 55. Kg4 b2 56. Nb1 Rc1 57. Na3 Ra1 58. Rf7+ Kc6 59. Nc4 b1=Q 60. Rf5 Qxf5+ 0-1


[Site "https://www.chess.com"]

[Event "Titled Tuesday Blitz April 18 Early 2023"]
[White "Krsnik Cohar, Ivan Vihor"]
[Black "Aydincelebi, Kagan"]
[WhiteFideId "14520044"]
[BlackFideId "6361102"]
[WhiteElo "2414"]
[BlackElo "2180"]
[Result "0-1"]
[Round "11"]
[TimeControl "180+2"]
[Date "2023.04.18"]
[WhiteClock "0:00:03"]
[BlackClock "0:00:32"]

1. e4 c5 2. Ne2 Nc6 3. g3 Nf6 4. Bg2 g6 5. c3 Bg7 6. d4 cxd4 7. cxd4 d6 8. Nbc3 O-O 9. h3 e5 10. Be3 exd4 11. Nxd4 Re8 12. O-O a6 13. Qd2 Ne5 14. b3 Qa5 15. Rfd1 Bd7 16. Rac1 Rac8 17. f4 Nc6 18. Nde2 Red8 19. Nd5 Qxd2 20. Nxf6+ Bxf6 21. Rxd2 Be7 22. Bb6 Re8 23. e5 Bf8 24. Kf2 Re6 25. Rcd1 Nb4 26. Bxb7 Rb8 27. Bc7 Rxb7 28. Bxd6 Bxd6 29. Rxd6 Rxd6 30. Rxd6 Bxh3 31. a3 Nc2 32. Rxa6 Rxb3 33. a4 Rb2 34. Rd6 Bg4 35. Nc3 Rb3 36. Ne4 Rf3+ 37. Kg1 Ne3 38. Nf6+ Kg7 39. Rd8 Rf1+ 40. Kh2 Bf3 41. g4 Nxg4+ 0-1


[Site "https://www.chess.com"]

[Event "Titled Tuesday Blitz April 18 Early 2023"]
[White "Bryant, John Daniel"]
[Black "Bilan, Danila"]
[WhiteFideId "2031280"]
[BlackFideId "24161918"]
[WhiteElo "2455"]
[BlackElo "2182"]
[Result "0-1"]
[Round "11"]
[TimeControl "180+2"]
[Date "2023.04.18"]
[WhiteClock "0:00:08"]
[BlackClock "0:00:08"]

1. e4 c6 2. Nf3 d5 3. Nc3 Bg4 4. h3 Bxf3 5. Qxf3 e6 6. d4 dxe4 7. Qxe4 Nd7 8. g3 Ngf6 9. Qd3 Be7 10. Bg2 O-O 11. O-O Qc7 12. Ne4 Nxe4 13. Qxe4 Rad8 14. c3 Nf6 15. Qc2 c5 16. Bf4 Qb6 17. dxc5 Bxc5 18. Qb3 Nh5 19. Qxb6 Bxb6 20. Rad1 Nxf4 21. gxf4 Bc7 22. b4 Bxf4 23. Bxb7 Bd2 24. a4 Bxc3 25. b5 Ba5 26. Ra1 Rd2 27. Rfd1 Rfd8 28. Rxd2 Rxd2 29. Kf1 g5 30. Bc6 Kg7 31. Ra3 f5 32. Re3 Kf6 33. Re2 Rd4 34. Ra2 h5 35. f3 Rc4 36. Kg2 g4 37. hxg4 hxg4 38. fxg4 Rxg4+ 39. Kf3 Rc4 40. Bd7 Rc3+ 41. Kg2 e5 42. Rf2 f4 43. Bc6 Kf5 44. Re2 Rg3+ 45. Kf1 Bb6 46. Rh2 Ra3 47. Rh5+ Kg4 48. Rh8 Rxa4 49. Rg8+ Kh3 50. Rh8+ Kg4 51. Rg8+ Kf5 52. Rf8+ Kg5 53. Rg8+ Kf6 54. Rf8+ Ke7 55. Rf5 Kd6 56. Rf6+ Kc5 57. Rf7 Kd4 58. Ke2 Ra2+ 59. Kf3 Ra3+ 60. Kg4 Rg3+ 61. Kf5 f3 62. Ke6 e4 63. Rf4 Kd3 64. Bxe4+ Ke3 65. Kf5 f2 66. Bc6 Rg1 67. Re4+ Kd2 68. Rf4 f1=Q 69. Rxf1 Rxf1+ 70. Ke5 Kc3 71. Kd6 Kb4 72. Kd7 Rf7+ 73. Kc8 Rc7+ 74. Kb8 Kc5 75. Be8 Re7 76. Bc6 Kd6 77. Ka8 Rc7 78. Kb8 Rxc6 79. bxc6 Kxc6 0-1


[Site "https://www.chess.com"]

[Event "Titled Tuesday Blitz April 18 Early 2023"]
[White "Cherniaiev, Tykhon"]
[Black "Ordekalog"]
[WhiteFideId "14182360"]
[WhiteElo "2450"]
[BlackElo "2517"]
[Result "1-0"]
[Round "11"]
[TimeControl "180+2"]
[Date "2023.04.18"]
[WhiteClock "0:00:15"]
[BlackClock "0:00:09"]

1. Nf3 d5 2. d4 Nf6 3. c4 c6 4. e3 Bf5 5. Bd3 Bxd3 6. Qxd3 e6 7. O-O Nbd7 8. Nc3 Bd6 9. e4 dxe4 10. Nxe4 Nxe4 11. Qxe4 Nf6 12. Qc2 O-O 13. h3 h6 14. b3 Qe7 15. Be3 Rfd8 16. Rad1 c5 17. Rfe1 a6 18. d5 e5 19. Nh4 e4 20. Nf5 Qe5 21. Nxd6 Qxd6 22. a4 Re8 23. Qc3 Nd7 24. Qd2 Rac8 25. Bf4 Qg6 26. Re3 Qf5 27. Bh2 Ne5 28. Qe2 Nd3 29. f3 Nf4 30. Bxf4 Qxf4 31. fxe4 Qe5 32. Rf1 Rcd8 33. Kh1 Rd6 34. Rf5 Qa1+ 35. Kh2 g6 36. e5 Rb6 37. Rf1 Qd4 38. Qf3 f5 39. Rd1 Qh4 40. d6 Qd8 41. Qd5+ Kg7 42. e6 Qf6 43. d7 Rd8 44. e7 1-0


[Site "https://www.chess.com"]

[Event "Titled Tuesday Blitz April 18 Early 2023"]
[White "Weetik, Vjacheslav"]
[Black "Novikov, Evgenij"]
[WhiteFideId "4153472"]
[BlackFideId "4125380"]
[WhiteElo "2469"]
[BlackElo "2242"]
[Result "1-0"]
[Round "11"]
[TimeControl "180+2"]
[Date "2023.04.18"]
[WhiteClock "0:00:08"]
[BlackClock "0:01:11"]

1. d4 Nf6 2. Bf4 d6 3. Nf3 g6 4. c4 Bg7 5. Nc3 O-O 6. e3 c6 7. h3 Bf5 8. Be2 Ne4 9. Nxe4 Bxe4 10. O-O Nd7 11. Nd2 Nf6 12. Nxe4 Nxe4 13. Qc2 Nf6 14. b4 Re8 15. Rfd1 Qc8 16. e4 Nd7 17. Rac1 a5 18. b5 c5 19. d5 Bd4 20. h4 Ne5 21. Rxd4 cxd4 22. c5 d3 23. Bxd3 Nxd3 24. Qxd3 Qg4 25. g3 dxc5 26. Rxc5 Rac8 27. Qc2 Rxc5 28. Qxc5 Rc8 29. Bc7 Qxe4 30. b6 Qb1+ 31. Kh2 Qxa2 32. Qxe7 Qxd5 33. Be5 Qf3 34. Bd4 h5 35. Qe5 1-0


[Site "https://www.chess.com"]

[Event "Titled Tuesday Blitz April 18 Early 2023"]
[White "Korchmar, Vasiliy"]
[Black "Hajiyev, Kanan"]
[WhiteFideId "24131750"]
[BlackFideId "13404148"]
[WhiteElo "2370"]
[BlackElo "2103"]
[Result "1-0"]
[Round "11"]
[TimeControl "180+2"]
[Date "2023.04.18"]
[WhiteClock "0:00:21"]
[BlackClock "0:00:03"]

1. e4 c6 2. d4 d5 3. exd5 cxd5 4. Bd3 Nc6 5. c3 Qc7 6. h3 Nf6 7. Nf3 g6 8. O-O Bg7 9. Re1 O-O 10. Bg5 Bf5 11. Bxf5 gxf5 12. Bxf6 Bxf6 13. Nbd2 e6 14. Nf1 Rab8 15. Ng3 Kh8 16. Nh5 Qe7 17. Qd2 Rg8 18. Qf4 Bg5 19. Qh2 Rbc8 20. c4 dxc4 21. d5 Nd8 22. d6 Qd7 23. Ne5 Qb5 24. h4 Bd2 25. Red1 Qxb2 26. Rab1 Qc3 27. Rxb7 f4 28. Nxf7+ Nxf7 29. Rxf7 Qd3 30. Nf6 Rg7 31. Rxg7 Kxg7 32. Nh5+ Kh6 33. Nxf4 Qxd6 34. Rxd2 Qxd2 35. Qg3 Qc1+ 36. Kh2 c3 37. Qg5# 1-0


[Site "https://www.chess.com"]